 Dungeon Crawl Stone Soup version 0.19.5 (webtiles) character file.

71 lauthentik the Bolt Thrower (level 4, 0/39 HPs)
             Began as a Deep Dwarf Hunter on Apr 17, 2017.
             Slain by an adder (3 damage)
             ... on level 2 of the Dungeon.
             The game lasted 00:07:39 (1284 turns).

lauthentik the Bolt Thrower (Deep Dwarf Hunter)     Turns: 1284, Time: 00:07:40

Health: 0/39       AC:  2    Str: 16    XL:     4   Next: 5%
Magic:  4/4        EV: 12    Int: 11    God:
Gold:   109        SH:  0    Dex: 14    Spells: 0 memorised, 3 levels left

rFire  . . .     SeeInvis .     p - +0 hand axe
rCold  . . .     Gourm    .     c - +0 leather armour
rNeg   . . .     Faith    .     (no shield)
rPois  .         Spirit   .     y - -2 helmet (curse)
rElec  .         Reflect  .     (no cloak)
rCorr  .         Harm     .     (no gloves)
MR     .....                    (no boots)
Stlth  ++........               u - amulet of magic regeneration
                                (no ring)
                                (no ring)

@: lethally poisoned (0 -> 0), non-regenerating
A: damage resistance, recharge devices, sense surroundings 1, slow regeneration
3
a: Device Recharging


You were on level 2 of the Dungeon.
You were not hungry.

You visited 1 branch of the dungeon, and saw 2 of its levels.

You collected 109 gold pieces.

Inventory:

Hand Weapons
 a - a +1 hand crossbow
 b - a +0 short sword
 p - a +0 hand axe (weapon)
Missiles
 d - 30 bolts
Armour
 c - a +0 leather armour (worn)
 y - a cursed -2 helmet (worn)
Jewellery
 u - an amulet of magic regeneration (around neck)
Wands
 e - a wand of heal wounds (5/9)
Scrolls
 i - a scroll of amnesia {unknown}
 j - 5 scrolls of identify
 n - a scroll of recharging {unknown}
 r - a scroll of random uselessness {unknown}
 s - a scroll of fog {unknown}
 x - a scroll of remove curse {unknown}
Potions
 g - a potion of ambrosia
 k - a potion of haste {unknown}
 l - a potion of curing
 m - a potion of heal wounds {unknown}
 q - a potion of agility {unknown}
 t - 2 potions of lignification
 w - a potion of degeneration {unknown}
 z - a potion of brilliance {unknown}
Comestibles
 f - a bread ration
 h - a slice of pizza
 o - a meat ration
 v - 3 fruits
 A - 2 chunks of flesh


   Skills:
 + Level 2.1 Fighting
 + Level 1.1 Short Blades
 + Level 0.4 Axes
 + Level 5.0 Crossbows
 + Level 1.3 Armour
 + Level 2.6 Dodging
 + Level 1.7 Stealth


You had 3 spell levels left.
You didn't know any spells.

Dungeon Overview and Level Annotations

Branches:
Dungeon (2/15)

Altars:
Cheibriados


Innate Abilities, Weirdness & Mutations

You are resistant to damage.
You can recharge devices by infusing magical energy.
You passively map a small area around you.
You do not regenerate.


Message History

The adder poisons you! The adder bites you.
* * * LOW HITPOINT WARNING * * *
You hit the adder but do no damage.
The adder is moderately wounded.
The adder bites you.
* * * LOW HITPOINT WARNING * * *
You are more poisoned.
The adder poisons you! The adder bites you.
You miss the adder.
The adder is moderately wounded.
The adder bites you.
* * * LOW HITPOINT WARNING * * *
The adder bites you but does no damage.
You hit the adder.
The adder is heavily wounded.
The adder misses you.
You miss the adder.
The adder is heavily wounded.
The adder misses you. The adder bites you.
You die...

,,,
###.........######
#.# ,,
#.....##.##.# #..
* #####.##.##.#
##. * #.....#.# #.
, ####..#.# #. *
##.#.# #.
######...# #. , *
#........# ##
#.....@..# ,
#....S.#>#
#......#.# *
........#.#
#.......#.#
#.......+,
#.......# *
#.#.##### *


You could see an adder.

Vanquished Creatures
  An adder (D:2)
  2 oozes (D:1)
  2 dart slugs (D:1)
  3 leopard geckos
  9 giant cockroaches
  7 goblins
  5 hobgoblins
  8 bats
  A frilled lizard (D:1)
  2 kobolds (D:1)
  5 rats
45 creatures vanquished.

Notes
Turn   | Place    | Note
-------+----------+-------------------------------------------
     0 | D:1      | lauthentik the Deep Dwarf Hunter began the quest for the Orb.
     0 | D:1      | Reached XP level 1. HP: 19/19 MP: 1/1
    76 | D:1      | Reached XP level 2. HP: 16/26 MP: 2/2
   289 | D:1      | Reached skill level 5 in Crossbows
   289 | D:1      | Reached XP level 3. HP: 5/32 MP: 3/3
   944 | D:2      | Reached skill level 1 in Armour
   975 | D:2      | Reached skill level 1 in Short Blades
  1054 | D:2      | Found a snail-covered altar of Cheibriados.
  1216 | D:2      | Reached XP level 4. HP: 9/39 MP: 4/4
  1284 | D:2      | Slain by an adder

Skill      XL: |  1  2  3 |
---------------+----------+-----
Fighting       | 2 |  2.1
Crossbows      | 5 |  5.0
Armour         | 1 |  1.3
Short Blades   | 1 |  1.1
Axes           | |  0.4
Dodging        | |  2.6
Stealth        | |  1.7

Action                   |  1- 3 |  4- 6 || total
-------------------------+-------+-------++-------
Melee: Short sword       |    78 |       ||    78
       Hand axe          |   102 |     5 ||   107
 Fire: Hand crossbow     |     7 |       ||     7
  Use: Scroll            |     2 |       ||     2
       Potion            |     2 |       ||     2
 Stab: Sleeping          |     3 |     1 ||     4
  Eat: Chunk             |     1 |     1 ||     2
Armor: Leather armour    |    67 |     1 ||    68
Dodge: Dodged            |   160 |     2 ||   162
